 Dungeon Crawl Stone Soup version 0.19.0-19-g8c6edcc (webtiles) character file.

130 grisgris the Covered (level 5, -3/32 HPs)
             Began as a Gargoyle Fighter on Nov 13, 2016.
             Slain by a gnoll
             ... wielding a +0 halberd
              (12 damage)
             ... on level 3 of the Dungeon.
             The game lasted 00:05:14 (1754 turns).

grisgris the Covered (Gargoyle Fighter)             Turns: 1754, Time: 00:05:14

Health: -3/32      AC: 14    Str: 21    XL:     5   Next: 14%
Magic:  5/5        EV:  5    Int:  8    God:
Gold:   158        SH:  9    Dex:  9    Spells: 0 memorised, 4 levels left

rFire  . . .     SeeInvis .     a - +0 flail
rCold  . . .     Gourm    +     q - +0 chain mail
rNeg   + . .     Faith    .     c - +0 shield
rPois  ∞         Spirit   .     (no helmet)
rElec  +         Reflect  .     (no cloak)
rCorr  .         Harm     .     (no gloves)
MR     .....     Rnd*Tele +     l - +0 pair of boots
Stlth  ..........               e - amulet of the gourmand
                                (no ring)
                                g - ring of teleportation (curse)

@: no status effects
A: negative energy resistance 1, electricity resistance, unbreathing,
petrification resistance, rot immunity, AC +4
a: no special abilities


You were on level 3 of the Dungeon.
You were full.

You visited 1 branch of the dungeon, and saw 3 of its levels.

You collected 158 gold pieces.

Inventory:

Hand Weapons
 a - a +0 flail (weapon)
Armour
 c - a +0 shield (worn)
 l - a +0 pair of boots (worn)
 q - a +0 chain mail (worn)
Jewellery
 e - an amulet of the gourmand (around neck)
 g - a cursed ring of teleportation (left hand)
Wands
 b - a wand of random effects (24/48)
Scrolls
 j - 8 scrolls of identify
 k - a scroll of recharging
 m - a scroll of fear {unknown}
Potions
 d - a potion of might
 h - a potion of lignification
 i - a potion of cancellation
 n - a potion of flight
Comestibles
 f - 2 bread rations
 o - a slice of pizza
 p - a meat ration


   Skills:
 + Level 3.6 Fighting
 + Level 3.1 Maces & Flails
 + Level 4.3 Armour
 + Level 0.5 Dodging
 + Level 0.5 Stealth
 + Level 4.2 Shields


You had 4 spell levels left.
You didn't know any spells.

Dungeon Overview and Level Annotations

Branches:
Dungeon (3/15)

Altars:
Makhleb
Nemelex Xobeh


Innate Abilities, Weirdness & Mutations

You are resistant to torment.
Your stone body is resilient. (AC +4)
You are immune to poison.
You resist negative energy. (rN+)
You are resistant to electric shocks. (rElec)
You can survive without breathing.
You are immune to petrification.
You are immune to rotting.


Message History

You barely miss the gnoll.
The gnoll is moderately wounded.
The gnoll hits you from afar with a halberd.
You block the gnoll's attack. The gnoll barely misses you.
You hit the gnoll.
The gnoll is moderately wounded.
The gnoll hits you but does no damage. x2
You sock the gnoll!
You kill the gnoll!
The gnoll hits you from afar with a halberd.
You hit the gnoll but do no damage. The gnoll hits you with a flail.
You block the gnoll's attack.
Your shield and chain mail prevent you from hitting the gnoll.
The gnoll hits you but does no damage.
The gnoll hits you from afar with a halberd.
The gnoll hits you with a flail.
* * * LOW HITPOINT WARNING * * *
You barely miss the gnoll.
The gnoll hits you from afar with a halberd!
You die...

## .. .# #########
.# ........# .#
#######.## .#
#...#...###g###...
##........@gg......
#........#####.#...
.###.....#.##
...........#
##.....### #.....#
###.### #.# ###.#
#########


You could see 3 gnolls.

Vanquished Creatures
  A hound (D:3)
  A worker ant (D:3)
  A gnoll (D:3)
  2 adders
  An ooze (D:3)
  A dart slug (D:1)
  2 leopard geckos
  5 giant cockroaches
  2 goblins (D:1)
  3 hobgoblins
  2 jackals (D:2)
  2 quokkas
  A ball python (D:1)
  3 bats
  7 frilled lizards
  7 kobolds
  9 rats
50 creatures vanquished.

Notes
Turn   | Place    | Note
-------+----------+-------------------------------------------
     0 | D:1      | grisgris the Gargoyle Fighter began the quest for the Orb.
     0 | D:1      | Reached XP level 1. HP: 14/14 MP: 1/1
   117 | D:1      | Reached XP level 2. HP: 10/19 MP: 2/2
   593 | D:1      | Reached XP level 3. HP: 23/23 MP: 3/3
   916 | D:2      | Found a sparkling altar of Nemelex Xobeh.
  1413 | D:3      | Reached XP level 4. HP: 25/28 MP: 4/4
  1446 | D:3      | Found a burning altar of Makhleb.
  1663 | D:3      | Reached XP level 5. HP: 30/32 MP: 5/5
  1754 | D:3      | Slain by a gnoll

Skill      XL: |  1  2  3  4 |
---------------+-------------+-----
Armour         | 4 |  4.3
Shields        | 4 |  4.2
Maces & Flails | 3 |  3.1
Fighting       | |  3.6
Dodging        | |  0.5
Stealth        | |  0.5

Action                   |  1- 3 |  4- 6 || total
-------------------------+-------+-------++-------
Melee: Flail             |   180 |    67 ||   247
  Use: Scroll            |     1 |     7 ||     8
  Eat: Chunk             |     7 |     3 ||    10
Armor: Scale mail        |    94 |       ||    94
       Chain mail        |       |    46 ||    46
Dodge: Dodged            |    47 |    14 ||    61
Block: Shield            |    89 |    28 ||   117
